 Dungeon Crawl Stone Soup version 0.24.1-14-gf8d2b509d9 (console) character file.

Game seed: 4870206244587770909, levelgen mode: deterministic

381918 Kagalorn the Warrior (level 23, 0/192 HPs)
             Began as a Human Wanderer on July 20, 2021.
             Was the Champion of Okawaru.
             Engulfed by a death drake (shapeshifter)'s foul pestilence (9 damage)
             ... on level 2 of the Elven Halls on July 21, 2021.
             The game lasted 02:48:39 (69458 turns).

Kagalorn the Warrior (Human Wanderer)              Turns: 69458, Time: 02:48:39

Health: 0/192      AC: 30    Str: 20    XL:     23   Next: 98%
Magic:  29/29      EV: 18    Int: 14    God:    Okawaru [******]
Gold:   1229       SH: 22    Dex: 14    Spells: 24/24 levels left

rFire    + + +     SeeInvis +   a - +9 broad axe {chop, rC+ Stlth+}
rCold    + . .     Gourm    .   s - +2 large shield {AC+3}
rNeg     + . .     Faith    +   b - +2 pearl dragon scales
rPois    .         Spirit   .   G - +2 helmet {SInv}
rElec    .         Reflect  .   t - +0 cloak
rCorr    .         Harm     .   h - +0 pair of gloves {archery}
MR       ++...                  Z - +0 pair of boots {Fly}
Stlth    +.........             D - amulet of faith
HPRegen  0.42/turn              F - ring of protection from magic
MPRegen  0.21/turn              c - ring "Roum" {rF+++ EV+1}

@: lethally poisoned (0 -> -32), flying, hasted and slowed
A: no striking features
}: 2/15 runes: barnacled, gossamer
a: Heroism, Finesse, Renounce Religion, Stop Flying


You were on level 2 of the Elven Halls.
You worshipped Okawaru.
Okawaru was exalted by your worship.
You were not hungry.

You visited 8 branches of the dungeon, and saw 38 of its levels.
You visited 1 bazaar.
You also visited: Trove, Sewer, Gauntlet, Ice Cave and Volcano.

You collected 4028 gold pieces.
You spent 2799 gold pieces at shops.

Inventory:

Hand Weapons
 a - the +9 broad axe of Distant Worlds (weapon) {chop, rC+ Stlth+}
   (You found it on level 6 of the Lair of Beasts)

   It inflicts extra damage upon your enemies.
   It protects you from cold.
   It makes you more stealthy.
 p - the +3 broad axe "Isowut" {protect, rElec Int+7}
   (Okawaru gifted it to you on level 2 of the Shoals)

   It grants its wielder temporary protection when it strikes (+7 to AC).
   It affects your intelligence (+7).
   It insulates you from electricity.
Missiles
 y - 62 javelins
 C - 5 throwing nets
 V - 7 silver boomerangs
 X - 87 silver javelins (quivered)
Armour
 b - +2 pearl dragon scales (worn)
 h - a +0 pair of gloves of archery (worn)
 s - a +2 large shield of protection (worn)
 t - a +0 cloak (worn)
 G - a +2 helmet of see invisible (worn)
 Z - a +0 pair of boots of flying (worn)
Jewellery
 c - the ring "Roum" (right hand) {rF+++ EV+1}
   (You found it in a Gauntlet)

   [ring of evasion]

   It affects your evasion (+1).
   It renders you almost immune to fire.
 k - a +3 ring of evasion
 w - an uncursed ring of poison resistance
 D - an amulet of faith (around neck)
 F - a ring of protection from magic (left hand)
 H - an uncursed ring of protection from magic
 M - the ring of the Lily {+Inv rCorr Str+3}
   (You found it in a treasure trove)

   [ring of resist corrosion]

   It affects your strength (+3).
   It lets you turn invisible.
   It provides partial protection from all sources of acid and corrosion.
 Q - the ring "Padwam" {+Fly AC+3 Str+2 Int-2 Dex+2}
   (You found it in a treasure trove)

   [ring of protection]

   It affects your AC (+3).
   It affects your strength (+2).
   It affects your intelligence (-2).
   It affects your dexterity (+2).
   It lets you fly.
Wands
 q - a wand of iceblast (23)
 x - a wand of digging (29)
 I - a wand of paralysis (11)
 P - a wand of polymorph (38)
 U - a wand of clouds (16)
 Y - a wand of acid (28)
Scrolls
 d - 7 scrolls of enchant armour
 e - 12 scrolls of remove curse
 i - 9 scrolls of enchant weapon
 n - 7 scrolls of fog
 u - 18 scrolls of teleportation
 z - 2 scrolls of blinking
 L - 4 scrolls of identify
 R - 4 scrolls of fear
 T - a scroll of silence
Potions
 g - 5 potions of haste
 j - 5 potions of berserk rage
 l - 10 potions of heal wounds
 m - 5 potions of cancellation
 r - 4 potions of mutation
 v - 6 potions of invisibility
 A - 6 potions of magic
 B - 2 potions of might
 E - 16 potions of curing
 J - a potion of resistance
 N - 2 potions of lignification
 S - 2 potions of agility
Miscellaneous
 o - 3 boxes of beasts
 K - a phantom mirror
 O - a sack of spiders
 W - a lightning rod (4/4)
Comestibles
 f - 22 rations


   Skills:
 + Level 18.7 Fighting
 - Level 18.0 Axes
   Level 1.0 Crossbows
 * Level 12.2 Throwing
 + Level 15.5 Armour
 + Level 15.5 Dodging
 - Level 1.0 Stealth
 + Level 15.8 Shields
 - Level 1.0 Spellcasting
   Level 1.0 Summonings
   Level 3.0 Translocations
 - Level 8.0 Invocations


You had 24 spell levels left.
You didn't know any spells.
Your spell library contained the following spells:

 Spells                   Type           Power        Failure   Level  Hunger
 Apportation              Tloc           #.....       52%         1    ##.....
 Blink                    Tloc           N/A          65%         2    ###....
 Summon Butterflies       Summ           #.......     80%         1    ##.....
 Summon Small Mammal      Summ           #...         80%         1    ##.....
 Shroud of Golubria       Chrm/Tloc      #.....       86%         2    ###....
 Gell's Gravitas          Tloc           #.........   87%         3    ####...
 Lesser Beckoning         Tloc           #.........   87%         3    ####...
 Teleport Other           Tloc           #.......     87%         3    ####...
 Animate Skeleton         Necr           N/A          90%         1    ##.....
 Beastly Appendage        Tmut           #.....       90%         1    ##.....
 Confusing Touch          Hex            #.....       90%         1    ##.....
 Corona                   Hex            #......      90%         1    ##.....
 Flame Tongue             Conj/Fire      #....        90%         1    ##.....
 Infusion                 Chrm           #...         90%         1    ##.....
 Magic Dart               Conj           #...         90%         1    ##.....
 Call Imp                 Summ           #.......     90%         2    ###....
 Corpse Rot               Necr           N/A          97%         2    ###....
 Ensorcelled Hibernation  Hex/Ice        #.....       97%         2    ###....
 Passwall                 Tmut/Erth      #.......     97%         2    ###....
 Slow                     Hex            #.......     97%         2    ###....
 Sticks to Snakes         Tmut           #.......     97%         2    ###....
 Swiftness                Chrm/Air       #.......     97%         2    ###....
 Throw Flame              Conj/Fire      #.....       97%         2    ###....
 Portal Projectile        Hex/Tloc       #.....       97%         3    ####...
 Confuse                  Hex            #.......     99%         3    ####...
 Conjure Flame            Conj/Fire      #.......     99%         3    ####...
 Dazzling Spray           Conj/Hex       #.....       99%         3    ####...
 Inner Flame              Hex/Fire       #.......     99%         3    ####...
 Mephitic Cloud           Conj/Pois/Air  #.......     99%         3    ####...
 Ozocubu's Armour         Chrm/Ice       #.......     99%         3    ####...
 Regeneration             Chrm/Necr      #.........   99%         3    ####...
 Spider Form              Tmut/Pois      #.........   99%         3    ####...
 Stone Arrow              Conj/Erth      #.....       99%         3    ####...
 Summon Guardian Golem    Hex/Summ       #.......     99%         3    ####...
 Tukima's Dance           Hex            #.......     99%         3    ####...
 Passage of Golubria      Tloc           N/A          99%         4    #####..
 Cause Fear               Hex            #.........   100%        4    #####..
 Force Lance              Conj/Tloc      #.......     100%        4    #####..
 Ice Form                 Ice/Tmut       #.......     100%        4    #####..
 Leda's Liquefaction      Hex/Erth       #.........   100%        4    #####..
 Petrify                  Tmut/Erth      #.......     100%        4    #####..
 Sticky Flame             Conj/Fire      #.......     100%        4    #####..
 Summon Ice Beast         Ice/Summ       #.......     100%        4    #####..
 Summon Lightning Spire   Summ/Air       #.......     100%        4    #####..
 Blade Hands              Tmut           #.........   100%        5    ######.
 Bolt of Magma            Conj/Fire/Erth #.........   100%        5    ######.
 Excruciating Wounds      Chrm/Necr      #.........   100%        5    ######.
 Fireball                 Conj/Fire      #.........   100%        5    ######.
 Lee's Rapid Deconstruct  Erth           #.........   100%        5    ######.
 Metabolic Englaciation   Hex/Ice        #.........   100%        5    ######.
 Silence                  Hex/Air        #.........   100%        5    ######.
 Summon Forest            Summ/Tloc      #.........   100%        5    ######.
 Yara's Violent Unravell  Hex/Tmut       #.........   100%        5    ######.
 Conjure Ball Lightning   Conj/Air       #.........   100%        6    #######
 Darkness                 Hex            #.........   100%        6    #######
 Deflect Missiles         Chrm/Air       #.........   100%        6    #######
 Dispersal                Tloc           #.........   100%        6    #######
 Hydra Form               Tmut           #.........   100%        6    #######
 Invisibility             Hex            #.......     100%        6    #######
 Iron Shot                Conj/Erth      #.........   100%        6    #######
 Shadow Creatures         Summ           N/A          100%        6    #######
 Statue Form              Tmut/Erth      #........    100%        6    #######
 Summon Hydra             Summ           #.........   100%        7    #######
 Controlled Blink         Tloc           N/A          100%        8    #######
 Disjunction              Tloc           #.........   100%        8    #######
 Shatter                  Erth           #.........   100%        9    #######
 Tornado                  Air            #.........   100%        9    #######


Dungeon Overview and Level Annotations

Branches:
Dungeon (15/15)            Temple (1/1) D:7            Lair (6/6) D:9
 Shoals (4/4) Lair:2       Spider (4/4) Lair:2        Slime (0/5) Lair:6
    Orc (2/2) D:11            Elf (2/3) Orc:2        Vaults (4/5) D:13
  Crypt (0/3) Vaults:2     Depths (0/5) D:15          Sewer (visited)
  IceCv (visited)         Volcano (visited)         Gauntlet (visited)

Altars:
Ashenzari
Cheibriados
Dithmenos
Elyvilon
Fedhas
Gozag
Hepliaklqana
Kikubaaqudgha
Makhleb
Nemelex Xobeh
Okawaru
Qazlal
Ru
Sif Muna
Trog
Uskayaw
Vehumet
Wu Jian
Xom
Yredelemnul
Zin
The Shining One
Beogh

Shops:
D:9 ((?}   Orc:1 %[   Orc:2 :=*%   Vaults:1 *   Vaults:3 [(!

Annotations:
Shoals:2 1 runed translucent door
Shoals:3 Roxanne
Shoals:4 3 runed translucent doors
Spider:4 1 runed translucent door, Honosyedgha's ghost, adept GrBe
Vaults:2 3 runed translucent doors, exclusion: obsidian statue, Pesmit's ghost, adept MiFi


Message History

The death drake breathes miasma at you. The foul vapour misses you.
You barely miss the death drake.
The death drake is almost dead.
You hit the water elemental.
You are engulfed in dark miasma.
You are lethally poisoned!
* * * LOW HITPOINT WARNING * * *
x2 You feel sick.
You block the water elemental's attack.
Unknown command.
You feel better.
You are engulfed in dark miasma.
You are poisoned.
You feel as though you will be slow longer.
* * * LOW HITPOINT WARNING * * *
x2 You feel sick.
The death drake breathes miasma at you.
The foul vapour engulfs you but does no damage.
You block the water elemental's attack. You block the death drake's attack.
You are engulfed in dark miasma.
You are lethally poisoned!
You die...

#..#.....#..#..#
+..#.....#..#..#
#..#..# +..#..#
#####.>#..#
.......'..#
.......#..#
#+#########..###+#
...())°E°@.........
....(.°k°°.○.......
......°°...........
##########..##+####
#..# #..# #..# #..#


You could see a death drake and a water elemental.

Vanquished Creatures
  A bone dragon (Vaults:2)
  A lich (Elf:1)
  Jorgrun (Spider:2)
  3 sphinxes (Vaults:2)
  Frances (D:13)
  A kraken (Shoals:3)
  A storm dragon (Vaults:3)
  A tengu reaver (Vaults:2)
  Kirke (Shoals:3)
  Donald (Shoals:2)
  Ilsuiw (Shoals:3)
  A frost giant (shapeshifter) (Vaults:1)
  A fire giant (Vaults:4)
  A frost giant (Vaults:4)
  2 deep elf sorcerers (Elf:1)
  Aizul (Shoals:4)
  4 ghost moths (Spider:4)
  2 emperor scorpions (Spider:4)
  21 vault wardens
  11 ironheart preservers
  A war gargoyle (Vaults:2)
  6 entropy weavers
  9 very ugly things
  9 stone giants
  A vampire knight (D:13)
  2 deep elf demonologists
  The ghost of Ironasua the Bludgeoner, a journeyman GrFi of Cheibriados (D:13)
  3 deep elf annihilators
  Nessos (Lair:4)
  A dire elephant (D:15)
  4 spark wasps
  A minotaur (Gauntlet)
  7 merfolk javelineers
  2 ettins (Vaults:2)
  3 fire dragons
  A blizzard demon (IceCv)
  5 merfolk impalers
  5 yaktaur captains
  Erolcha (D:8)
  A great orb of eyes (Vaults:2)
  2 rakshasas
  Harold (D:7)
  14 vault guards
  6 hydras
  11 ogre magi
  2 ice dragons
  4 death knights
  2 alligator snapping turtles (Shoals:4)
  6 centaur warriors
  26 two-headed ogres
  3 catoblepae (Lair:6)
  8 merfolk aquamancers
  7 merfolk avatars
  14 death yaks
  11 dancing weapons
  A deep troll shaman (Vaults:3)
  7 orc high priests
  A tengu warrior (D:15)
  3 satyrs
  Urug (D:13)
  12 deep elf knights
  A storm dragon zombie (Vaults:4)
  A fire crab (shapeshifter) (Vaults:2)
  2 shadow wraiths
  A hell knight (Volcano)
  8 skeletal warriors
  10 sea snakes
  3 deep trolls (Vaults:3)
  The ghost of Name63 the Thaumaturge, a novice GnWz of Ashenzari (D:8)
  A glowing orange brain (Vaults:2)
  2 unseen horrors
  A swamp dragon (shapeshifter) (Vaults:2)
  5 wizards
  18 deep elf archers
  An obsidian statue (Volcano)
  32 orc knights
  18 ironbrand convokers
  A lindwurm (Orc:1)
  The ghost of NeAGen181 the Summoner, a novice TeSu of Elyvilon (D:9)
  An iron dragon zombie (Vaults:4)
  2 phantasmal warriors
  Pikel (D:6)
  47 deep elf magi
  19 harpies
  3 necromancers
  5 orc sorcerers
  17 manticores
  3 moths of wrath
  19 fauns
  30 wolf spiders
  41 ugly things
  19 orb spiders
  A tengu skeleton (Vaults:4)
  6 cyclopes
  A manticore (shapeshifter) (Vaults:4)
  A fire giant zombie (Vaults:4)
  A frost giant skeleton (Vaults:4)
  11 elephants
  6 torpor snails
  Joseph (Lair:1)
  4 water nymphs
  13 merfolk sirens
  2 black mambas (shapeshifter)
  2 centaur zombies
  2 ice statues (IceCv)
  13 vault sentinels
  2 black mambas
  5 centaur skeletons
  6 gargoyles
  A human zombie (Vaults:4)
  12 spiny frogs
  5 freezing wraiths
  61 yaktaurs
  19 demonic crawlers
  A kobold demonologist (D:14)
  2 rime drakes
  A komodo dragon (shapeshifter) (Vaults:4)
  A yaktaur (shapeshifter) (Vaults:4)
  A redback zombie (D:14)
  7 komodo dragons
  14 ice devils (IceCv)
  2 tengu conjurers (D:15)
  25 jumping spiders
  3 queen bees (shapeshifter)
  A troll (shapeshifter) (D:14)
  5 trolls
  5 wind drakes
  A merfolk (shapeshifter) (Vaults:4)
  A polar bear (Lair:5)
  4 meliai
  Grinder (D:6)
  25 merfolk
  A polar bear (shapeshifter) (D:13)
  11 hornets
  A wind drake (shapeshifter) (Vaults:3)
  13 hippogriffs
  22 slime creatures
  8 snapping turtles
  A blink frog (shapeshifter) (D:9)
  11 blink frogs
  2 ettin zombies (Vaults:4)
  A hippogriff (shapeshifter) (Vaults:1)
  12 dream sheep
  Sigmund (D:3)
  2 air elementals (Elf:1)
  A spriggan (D:7)
  A redback (shapeshifter) (Vaults:4)
  A shadow (D:11)
  61 redbacks
  33 tarantellas
  16 water elementals
  2 wraiths (D:13)
  Eustachio (D:4)
  A vampire (D:12)
  49 yaks
  A spriggan (shapeshifter) (Vaults:3)
  A hog (Shoals:2)
  Grum (D:8)
  2 humans (shapeshifter)
  3 wyverns
  2 basilisks
  A fire elemental (Elf:1)
  7 fire bats (Volcano)
  5 humans (D:13)
  2 hungry ghosts (D:15)
  A human simulacrum (Vaults:2)
  A yaktaur simulacrum (Vaults:2)
  Edmund (D:5)
  10 wargs
  A soldier ant (D:13)
  8 water moccasins
  2 acid dragons
  12 porcupines
  5 sky beasts
  An elf zombie (Vaults:4)
  2 ice beasts
  A slave (D:7)
  2 black bears
  47 orc warriors
  3 necrophages
  29 ogres
  4 phantoms
  12 wolves
  4 boggarts (Vaults:1)
  14 centaurs
  10 crocodiles
  A crocodile (shapeshifter) (Vaults:2)
  A big kobold (D:9)
  Blork the orc (D:5)
  3 gnoll sergeants (D:8)
  14 bullfrogs
  An earth elemental (Elf:1)
  A wyvern zombie (D:7)
  2 wyvern skeletons (D:14)
  3 jellies
  5 scorpions
  10 wights
  8 killer bees
  4 howler monkeys
  4 crimson imps
  4 electric eels
  8 lava snakes (Volcano)
  A bullfrog zombie (D:11)
  5 hounds
  A wyvern simulacrum (D:14)
  Crazy Yiuf (D:2)
  3 bullfrog skeletons
  34 orc priests
  A gnoll shaman (D:5)
  An iguana (D:7)
  21 orc wizards
  9 hell rats
  5 worker ants
  A hound zombie (D:11)
  A hound skeleton (D:6)
  7 gnolls
  A worker ant zombie (D:5)
  16 adders
  8 river rats
  5 shadow imps
  8 white imps
  3 ufetubi (IceCv)
  3 oozes
  An adder zombie (D:5)
  8 worms
  5 dart slugs
  4 leopard geckos
  86 orcs
  4 ball pythons (Sewer)
  2 giant cockroaches
  8 goblins
  6 hobgoblins
  12 jackals
  18 kobolds
  9 quokkas
  6 bats
  9 frilled lizards
  A giant cockroach zombie (D:5)
  A leopard gecko skeleton (D:9)
  20 rats
  4 plants
  2 tentacles (Shoals:3)
1710 creatures vanquished.

Vanquished Creatures (others)
  An entropy weaver (Vaults:4)
  3 deep elf knights
  A deep elf mage (Elf:1)
  A tarantella (Spider:3)
  3 redbacks
  3 humans
  A slave (D:7)
  2 ogres
  An earth elemental (Elf:1)
  2 wights (D:7)
  2 white imps (IceCv)
  5 ufetubi (IceCv)
  17 fungi
  32 plants
  3 tentacles (Shoals:3)
77 creatures vanquished.

Grand Total: 1787 creatures vanquished

Notes
Turn   | Place    | Note
-------+----------+-------------------------------------------
     0 | D:1      | Kagalorn the Human Wanderer began the quest for the Orb.
     0 | D:1      | Kagalorn set off with the following items: a +0 dagger, 2
                  | potions of curing, a +0 robe, a ration; and the following
                  | spell memorised: Magic Dart; and the following spells
                  | available to memorise: Blink, Call Imp, Slow, Conjure
                  | Flame, Mephitic Cloud
     0 | D:1      | Reached XP level 1. HP: 15/15 MP: 2/2
   191 | D:1      | Found a blossoming altar of Fedhas.
   215 | D:1      | Reached XP level 2. HP: 11/22 MP: 3/3
  1254 | D:1      | Reached XP level 3. HP: 23/28 MP: 4/4
  1726 | D:1      | Found a blossoming altar of Fedhas.
  1880 | D:2      | Reached XP level 4. HP: 30/37 MP: 5/5
  2604 | D:2      | Reached XP level 5. HP: 43/43 MP: 6/6
  2859 | D:2      | Found a runed translucent door.
  2860 | D:2      | Noticed Crazy Yiuf
  2870 | D:2      | Killed Crazy Yiuf
  2963 | D:2      | Reached skill level 5 in Fighting
  3700 | D:3      | Noticed Sigmund
  3811 | D:3      | Reached XP level 6. HP: 47/51 MP: 7/7
  3921 | D:4      | Noticed Eustachio
  3936 | D:4      | Killed Eustachio
  4002 | D:4      | Reached XP level 7. HP: 57/59 MP: 8/8
  4071 | D:4      | Found a glowing drain.
  4158 | Sewer    | Entered a sewer
  5592 | D:5      | Entered Level 5 of the Dungeon
  5592 | D:5      | Noticed Blork the orc
  5608 | D:5      | Killed Blork the orc
  5610 | D:5      | Found an ancient bone altar of Kikubaaqudgha.
  5746 | D:5      | Reached XP level 8. HP: 69/69 MP: 9/9
  6393 | D:5      | Noticed Edmund
  6431 | D:5      | Killed Edmund
  6560 | D:5      | Reached skill level 10 in Fighting
  6776 | D:5      | Reached skill level 1 in Dodging
  6776 | D:5      | Reached XP level 9. HP: 71/78 MP: 10/10
  7225 | D:3      | Found a shimmering blue altar of Sif Muna.
  7317 | D:3      | Killed Sigmund
  7735 | D:6      | Noticed Grinder
  7739 | D:6      | Paralysed by Grinder for 7 turns
  7776 | D:6      | Killed Grinder
  9233 | D:7      | Noticed Harold
  9273 | D:7      | Found a snail-covered altar of Cheibriados.
  9275 | D:7      | Killed Harold
  9275 | D:7      | Reached skill level 5 in Armour
  9275 | D:7      | Reached skill level 5 in Dodging
  9275 | D:7      | Reached XP level 10. HP: 8/88 MP: 11/11
  9284 | D:7      | HP: 4/88 [killer bee (6)]
  9285 | D:7      | Found a staircase to the Ecumenical Temple.
  9296 | Temple   | Entered the Ecumenical Temple
  9429 | Temple   | Became a worshipper of Warmaster Okawaru
  9887 | D:7      | Noticed Pikel
  9932 | D:7      | Found a glowing golden altar of the Shining One.
  9980 | D:6      | Killed Pikel
 10035 | D:7      | Found a glowing silver altar of Zin.
 10161 | D:7      | Paralysed by a wight for 3 turns
 10166 | D:7      | Reached * piety under Okawaru
 10480 | D:7      | Found a blossoming altar of Fedhas.
 10881 | D:8      | Found a burning altar of Makhleb.
 11111 | D:8      | Noticed Grum
 11165 | D:8      | Killed Grum
 11650 | D:8      | Noticed a moth of wrath
 11669 | D:8      | Found a bloodstained altar of Trog.
 11669 | D:8      | Noticed Name63's ghost (novice GnWz)
 11683 | D:8      | Reached ** piety under Okawaru
 11691 | D:8      | Noticed a two-headed ogre
 11698 | D:8      | Found a transporter.
 11700 | D:8      | Found a transporter.
 11831 | D:9      | Reached XP level 11. HP: 60/95 MP: 14/14
 11874 | D:9      | Found a sparkling altar of Nemelex Xobeh.
 11950 | D:9      | Reached skill level 5 in Invocations
 12080 | D:9      | Found Ronwiyh's Antique Weapon Shoppe.
 12191 | D:9      | Noticed Erolcha
 12209 | D:9      | Noticed a death yak
 12434 | D:8      | Killed a death yak
 12434 | D:8      | Reached *** piety under Okawaru
 12785 | D:9      | Found Cameckai's Gadget Emporium.
 13218 | D:9      | Found a staircase to the Lair.
 13218 | D:9      | Noticed a death yak
 13218 | D:9      | Noticed a death yak
 13615 | D:9      | Found Yhuesolu's Antique Weapon Emporium.
 13623 | D:9      | Bought a smoking rapier for 252 gold pieces
 13683 | D:9      | Found Qiroitily's Magic Scroll Shoppe.
 13686 | D:9      | Bought a scroll of immolation for 52 gold pieces
 13686 | D:9      | Bought a scroll of noise for 15 gold pieces
 14009 | D:9      | Killed a death yak
 14009 | D:9      | Received a gift from Okawaru
 14176 | D:9      | Noticed NeAGen181's ghost (novice TeSu)
 14177 | D:9      | Found a transporter.
 14178 | D:9      | Noticed a moth of wrath
 14209 | D:9      | Found a transporter.
 14593 | D:10     | Entered Level 10 of the Dungeon
 14987 | D:10     | Identified the +9 rapier of Pyromania {pierce, Dex+9} (You
                  | bought it in a shop on level 9 of the Dungeon)
 15679 | D:11     | Noticed a green ugly thing
 15706 | D:11     | Killed a green ugly thing
 15713 | D:11     | Reached **** piety under Okawaru
 15904 | D:11     | Reached XP level 12. HP: 46/102 MP: 18/18
 16043 | D:11     | Found a staircase to the Orcish Mines.
 16063 | D:11     | Got a shadowed robe
 16105 | D:11     | Found a flickering gateway to a bazaar.
 16138 | Bazaar   | Entered a bazaar
 16141 | Bazaar   | Found Xeni's Armour Shop.
 16155 | Bazaar   | Found Toluat's Magic Scroll Shop.
 16170 | Bazaar   | Found Amedwoj's Jewellery Shop.
 16210 | Bazaar   | Found Nienytod's Food Shop.
 16238 | Bazaar   | Bought a scroll of teleportation for 42 gold pieces
 16238 | Bazaar   | Bought a scroll of blinking for 105 gold pieces
 16238 | Bazaar   | Bought a scroll of teleportation for 42 gold pieces
 16238 | Bazaar   | Bought a scroll of fog for 28 gold pieces
 16332 | D:11     | You fall into a shaft and drop 2 floors!
 16332 | D:13     | Found a transporter.
 16334 | D:13     | Noticed Ironasua's ghost (journeyman GrFi)
 17107 | D:11     | Identified the +2 robe "Borri" {rN+ MR+ Str+2 SInv} (You
                  | found it on level 11 of the Dungeon)
 17205 | Lair:1   | Entered Level 1 of the Lair of Beasts
 17314 | Lair:1   | Noticed a four-headed hydra
 17436 | Lair:1   | Killed a four-headed hydra
 17455 | Lair:1   | Reached ***** piety under Okawaru
 17908 | Lair:1   | Got a scorched battleaxe
 17953 | Lair:1   | Noticed Joseph
 18601 | Lair:1   | Killed Joseph
 18601 | Lair:1   | Received a gift from Okawaru
 19192 | Lair:2   | Found a gate leading to a gauntlet.
 19228 | Gauntlet | Entered a Gauntlet
 19228 | Gauntlet | Found a transporter.
 19228 | Gauntlet | Found a transporter.
 19232 | Gauntlet | Found a transporter.
 19232 | Gauntlet | Found a transporter.
 19241 | Gauntlet | Found a transporter.
 19264 | Gauntlet | Found a transporter.
 19270 | Gauntlet | Found a transporter.
 19270 | Gauntlet | Found a transporter.
 19270 | Gauntlet | Noticed a wretched star
 19276 | Gauntlet | Found a transporter.
 19305 | Gauntlet | Found a transporter.
 19312 | Gauntlet | Found a transporter.
 19329 | Gauntlet | Noticed a wizard
 19330 | Gauntlet | Found a transporter.
 19334 | Gauntlet | Found a large runed translucent door.
 19371 | Gauntlet | Found a transporter.
 19392 | Gauntlet | Found a transporter.
 19486 | Gauntlet | Found a transporter.
 19488 | Gauntlet | Found a large runed translucent door.
 19488 | Gauntlet | Found a large runed translucent door.
 19489 | Gauntlet | Found a large runed translucent door.
 19489 | Gauntlet | Found a large runed translucent door.
 19490 | Gauntlet | Found a runed translucent door.
 19490 | Gauntlet | Found a large runed translucent door.
 19490 | Gauntlet | Found a runed translucent door.
 19490 | Gauntlet | Found a large runed translucent door.
 19490 | Gauntlet | Found a large runed translucent door.
 19491 | Gauntlet | Found a large runed translucent door.
 19491 | Gauntlet | Found a large runed translucent door.
 19494 | Gauntlet | Found a large runed translucent door.
 19494 | Gauntlet | Found a large runed translucent door.
 19496 | Gauntlet | Found a large runed translucent door.
 19496 | Gauntlet | Found a large runed translucent door.
 19496 | Gauntlet | Found a large runed translucent door.
 19498 | Gauntlet | Found a runed translucent gate.
 19498 | Gauntlet | Found a runed translucent gate.
 19498 | Gauntlet | Found a runed translucent gate.
 19500 | Gauntlet | Found a transporter.
 19511 | Gauntlet | Found a large runed translucent door.
 19679 | Gauntlet | Got a slimy pewter ring
 19699 | Gauntlet | Identified the ring "Roum" {rF+++ EV+1} (You found it in a
                  | Gauntlet)
 19704 | Gauntlet | Noticed a fire crab
 19704 | Gauntlet | an orb spider changed into a fire crab
 19732 | Gauntlet | Got a glittering copper amulet
 19734 | Gauntlet | Identified the amulet of Yredelemnul's Hatred {Gourm +Fly}
                  | (You found it in a Gauntlet)
 19762 | Gauntlet | Identified the +10 dire flail of Chaos {flame, rPois rN++}
 19762 | Gauntlet | Noticed a minotaur
 19776 | Gauntlet | Killed a minotaur
 20078 | Gauntlet | Got a dazzling ring mail
 20083 | Gauntlet | Identified the Tome of Enhancements
 20107 | Gauntlet | Identified the +1 ring mail of Contentment {rF- rN+ Str+4}
                  | (You found it in a Gauntlet)
 20448 | Lair:2   | Received a gift from Okawaru
 20547 | Lair:2   | Identified the +7 battleaxe of Iplu Qio {protect, MR++
                  | Dex-3 Stlth+} (You found it on level 1 of the Lair of
                  | Beasts)
 20565 | Lair:2   | Found a staircase to the Shoals.
 20688 | Lair:2   | Reached XP level 13. HP: 104/111 MP: 19/19
 20795 | Lair:2   | Found a hole to the Spider Nest.
 21432 | Lair:3   | Received a gift from Okawaru
 21432 | Lair:3   | Reached skill level 10 in Armour
 21529 | Lair:3   | Reached skill level 10 in Dodging
 22295 | Lair:4   | Reached skill level 5 in Shields
 22526 | Lair:4   | Noticed a seven-headed hydra
 22538 | Lair:4   | Killed a seven-headed hydra
 22990 | Lair:4   | Noticed Nessos
 24071 | Lair:4   | Killed Nessos
 24556 | Lair:5   | Received a gift from Okawaru
 25050 | Lair:5   | Found a snail-covered altar of Cheibriados.
 25085 | Lair:5   | Received a gift from Okawaru
 25608 | Lair:6   | Entered Level 6 of the Lair of Beasts
 25620 | Lair:5   | Reached XP level 14. HP: 112/121 MP: 16/20
 26224 | Lair:6   | Reached skill level 15 in Fighting
 27253 | Lair:5   | Reached skill level 10 in Shields
 27555 | Lair:6   | Identified the +9 broad axe of Distant Worlds {chop, rC+
                  | Stlth+} (You found it on level 6 of the Lair of Beasts)
 27568 | Lair:6   | Found a staircase to the Slime Pits.
 27619 | Lair:6   | Reached skill level 1 in Axes
 27777 | Lair:6   | Received a gift from Okawaru
 28564 | Lair:6   | Reached skill level 5 in Axes
 28603 | Lair:6   | Reached XP level 15. HP: 114/129 MP: 18/21
 28633 | Lair:6   | Reached ****** piety under Okawaru
 28633 | Lair:6   | Received a gift from Okawaru
 29739 | D:13     | Noticed Urug
 29750 | D:13     | Killed Urug
 29790 | D:13     | Found a shimmering altar of Xom.
 29941 | D:13     | Found a transporter.
 30255 | D:13     | Noticed Frances
 30286 | D:13     | Killed Frances
 31041 | D:13     | Found a gate to the Vaults.
 31474 | D:14     | Received a gift from Okawaru
 31587 | D:14     | Found an opulent altar of Gozag.
 31897 | D:15     | Entered Level 15 of the Dungeon
 31914 | D:15     | Received a gift from Okawaru
 31915 | D:15     | Reached skill level 10 in Axes
 32027 | D:15     | Reached XP level 16. HP: 31/136 MP: 5/22
 33267 | D:15     | Found a staircase to the Depths.
 33856 | Orc:1    | Entered Level 1 of the Orcish Mines
 33988 | Orc:1    | Found a dark tunnel.
 34146 | Volcano  | Entered a volcano
 34279 | Volcano  | Found a bloodstained altar of Trog.
 34520 | Orc:1    | Found a roughly hewn altar of Beogh.
 34734 | Orc:1    | Found Xettyaf's Antique Armour Boutique.
 35192 | Orc:1    | Found Cauh's Food Emporium.
 35436 | Orc:2    | Entered Level 2 of the Orcish Mines
 35465 | Orc:2    | Found a staircase to the Elven Halls.
 36407 | Orc:2    | Reached XP level 17. HP: 86/142 MP: 13/23
 36855 | Orc:2    | Found Xusiran's Jewellery Shoppe.
 36858 | Orc:2    | Found Bamol's Assorted Antiques.
 36859 | Orc:2    | Found Tilei's Book Shoppe.
 36860 | Orc:2    | Found Icyteur's Food Shoppe.
 36867 | Orc:2    | Bought an uncursed ring of protection from magic for 250
                  | gold pieces
 37109 | Orc:1    | Bought a twisted chain mail for 351 gold pieces
 37120 | Orc:1    | Identified the +4 chain mail of the Boiling Point {rC+
                  | Dex+3} (You bought it in a shop on level 1 of the Orcish
                  | Mines)
 37254 | D:9      | Killed NeAGen181's ghost
 37254 | D:9      | Received a gift from Okawaru
 37422 | D:8      | Found a bloodstained altar of Trog.
 37422 | D:8      | Found a transporter.
 37435 | D:8      | Killed Erolcha
 37436 | D:8      | Found a transporter.
 37471 | D:8      | Killed Name63's ghost
 37974 | D:13     | Killed Ironasua's ghost
 37978 | D:13     | Paralysed by a vampire knight for 6 turns
 38371 | D:13     | Got a pair of brightly glowing gloves
 38398 | D:13     | Identified the +2 pair of gloves "Damnable Contraption"
                  | {-Tele *Slow +Fly rCorr Str+9} (You found it on level 13 of
                  | the Dungeon)
 38553 | Shoals:1 | Entered Level 1 of the Shoals
 39349 | Shoals:1 | Received a gift from Okawaru
 39752 | Shoals:1 | You are sucked into a shaft and drop 1 floor!
 40078 | Shoals:2 | Reached skill level 15 in Axes
 41743 | Shoals:2 | Reached XP level 18. HP: 44/149 MP: 24/24
 42231 | Shoals:2 | Found a runed translucent door.
 42682 | Shoals:3 | Noticed Roxanne
 42899 | Shoals:2 | Reached skill level 15 in Shields
 42986 | Shoals:3 | Noticed Donald
 43030 | Shoals:2 | Killed Donald
 43030 | Shoals:2 | Received a gift from Okawaru
 43034 | Shoals:2 | Got a steaming broad axe {god gift}
 43036 | Shoals:2 | Identified the +3 broad axe "Isowut" {protect, rElec Int+7}
                  | (Okawaru gifted it to you on level 2 of the Shoals)
 43775 | Shoals:3 | Noticed Kirke
 43785 | Shoals:3 | Killed Kirke
 43872 | Shoals:3 | Noticed a kraken
 43882 | Shoals:3 | Killed a kraken
 44327 | Shoals:4 | Entered Level 4 of the Shoals
 44735 | Shoals:4 | Noticed Ilsuiw
 44768 | Shoals:4 | Received a gift from Okawaru
 45158 | Shoals:3 | Killed Ilsuiw
 45326 | Shoals:4 | Noticed Aizul
 45343 | Shoals:4 | Killed Aizul
 46403 | Shoals:4 | Identified the +1 robe of Insecurity {Int-5 Dex+4}
 46700 | Shoals:4 | Received a gift from Okawaru
 47084 | Shoals:4 | Found a runed translucent gate.
 47084 | Shoals:4 | Found a runed translucent gate.
 47084 | Shoals:4 | Found a runed translucent gate.
 47582 | Shoals:4 | HP: 7/149 [poisoned by a merfolk aquamancer]
 47587 | Shoals:4 | HP: 5/149 [poisoned by a merfolk aquamancer]
 48324 | Shoals:4 | Reached XP level 19. HP: 130/155 MP: 25/25
 48740 | Shoals:4 | Got a barnacled rune of Zot
 48938 | Spider:1 | Entered Level 1 of the Spider Nest
 50311 | Spider:2 | You are sucked into a shaft and drop 1 floor!
 50350 | Spider:2 | Found a frozen archway.
 50452 | IceCv    | Entered an ice cave
 51921 | Spider:2 | Noticed Jorgrun
 51939 | Spider:2 | Killed Jorgrun
 53390 | Spider:3 | Received a gift from Okawaru
 53802 | Spider:4 | Entered Level 4 of the Spider Nest
 55122 | Spider:4 | Received a gift from Okawaru
 55122 | Spider:4 | Reached XP level 20. HP: 115/164 MP: 26/26
 55602 | Spider:4 | Received a gift from Okawaru
 55678 | Spider:4 | HP: 8/165 [poisoned by an emperor scorpion]
 55684 | Spider:4 | HP: 6/165 [poisoned by an emperor scorpion]
 55689 | Spider:4 | HP: 4/165 [poisoned by an emperor scorpion]
 55694 | Spider:4 | HP: 4/165 [poisoned by an emperor scorpion]
 55701 | Spider:4 | HP: 5/165 [poisoned by an emperor scorpion]
 55709 | Spider:4 | HP: 6/165 [poisoned by an emperor scorpion]
 56638 | Spider:4 | Found a runed translucent door.
 56639 | Spider:4 | Found a shimmering altar of Xom.
 56639 | Spider:4 | Noticed Honosyedgha's ghost (adept GrBe)
 56777 | Spider:4 | Got a gossamer rune of Zot
 57216 | Vaults:1 | Entered Level 1 of the Vaults
 58429 | Vaults:1 | Received a gift from Okawaru
 58706 | Vaults:1 | Found Doaph's Assorted Antiques.
 58829 | Vaults:1 | Noticed a Hell Sentinel
 59414 | Vaults:2 | Identified the +3 cloak of the Blessed Realm {rPois SInv}
                  | (You found it on level 2 of the Vaults)
 59442 | Vaults:2 | Reached XP level 21. HP: 119/174 MP: 27/27
 59473 | Vaults:2 | Received a gift from Okawaru
 59684 | Vaults:2 | Reached skill level 1 in Throwing
 59707 | Vaults:2 | Noticed a bone dragon
 59725 | Vaults:2 | Killed a bone dragon
 59727 | Vaults:2 | Found a staircase to the Crypt.
 60182 | Vaults:2 | Found a runed translucent gate.
 60182 | Vaults:2 | Found a runed translucent gate.
 60182 | Vaults:2 | Found an opulent altar of Gozag.
 60182 | Vaults:2 | Found a runed translucent gate.
 60185 | Vaults:2 | Noticed Pesmit's ghost (adept MiFi)
 60254 | Vaults:2 | Received a gift from Okawaru
 60264 | Vaults:2 | Got a translucent helmet {god gift}
 60276 | Vaults:2 | Identified the +0 helmet of the Manifold Realms {*Corrode
                  | Int+5} (Okawaru gifted it to you on level 2 of the Vaults)
 60622 | Vaults:2 | Reached skill level 5 in Throwing
 61849 | Vaults:2 | Received a gift from Okawaru
 62256 | Vaults:3 | Found Coanwirie's Armour Shop.
 62271 | Vaults:3 | Found Ykivil's Distillery.
 62291 | Vaults:3 | Reached XP level 22. HP: 158/183 MP: 28/28
 62300 | Vaults:3 | Bought a potion of curing for 54 gold pieces
 62300 | Vaults:3 | Bought 2 potions of heal wounds for 180 gold pieces
 62300 | Vaults:3 | Bought a potion of curing for 54 gold pieces
 62300 | Vaults:3 | Bought a potion of curing for 54 gold pieces
 62300 | Vaults:3 | Bought a potion of curing for 54 gold pieces
 62300 | Vaults:3 | Bought a potion of heal wounds for 90 gold pieces
 62300 | Vaults:3 | Bought a potion of might for 72 gold pieces
 62300 | Vaults:3 | Bought a potion of cancellation for 144 gold pieces
 63193 | Vaults:3 | Got a pair of faintly glowing gloves
 63249 | Vaults:3 | Identified the +1 pair of gloves "Neycsuf" {*Drain rPois
                  | rCorr} (You found it on level 3 of the Vaults)
 63859 | Vaults:3 | Received a gift from Okawaru
 64379 | Vaults:3 | Found Doceelotz's Weapon Shoppe.
 64920 | Vaults:4 | Reached skill level 10 in Throwing
 65436 | Vaults:4 | Reached XP level 23. HP: 168/190 MP: 29/29
 65692 | Vaults:4 | Reached skill level 15 in Armour
 65704 | Vaults:4 | Found a portal to a secret trove of treasure.
 65909 | Vaults:4 | Reached skill level 15 in Dodging
 65910 | Vaults:4 | Received a gift from Okawaru
 67040 | Vaults:3 | Bought +0 fire dragon scales for 960 gold pieces
 67144 | Vaults:4 | You paid a toll of +5 fire dragon scales to enter a
                  | treasure trove
 67145 | Trove    | Entered a treasure trove
 67148 | Trove    | Found the macabre finger necklace {rN+}
 67162 | Trove    | Got a serpentine amber ring
 67164 | Trove    | Got a coiled wooden ring
 67167 | Trove    | Got a bound brass ring
 67184 | Trove    | Identified the amulet "Hedoleho" {Inacc Str+4 Int+3 Dex+4}
                  | (You found it in a treasure trove)
 67220 | Trove    | Identified the ring of the Lily {+Inv rCorr Str+3} (You
                  | found it in a treasure trove)
 67222 | Trove    | Identified the ring "Padwam" {+Fly AC+3 Str+2 Int-2 Dex+2}
                  | (You found it in a treasure trove)
 67224 | Trove    | Identified the ring of Incredulity {rF+ MP-9 Str+2 Dex+4}
                  | (You found it in a treasure trove)
 67511 | Elf:1    | Entered Level 1 of the Elven Halls
 68008 | Elf:1    | Identified the ring of Vafi {rF+ MR+ Dex+4 Stlth+} (You
                  | found it on level 1 of the Elven Halls)
 68402 | Elf:1    | Received a gift from Okawaru
 68403 | Elf:1    | Found the +8 mithril axe "Arga" {speed, MR+}
 68830 | Elf:1    | Identified the Disquisition on Illusion
 69387 | Elf:2    | Received a gift from Okawaru
 69457 | Elf:2    | HP: 9/192 [poisoned by a death drake (dark miasma)]
 69458 | Elf:2    | Engulfed by a death drake (shapeshifter)'s foul pestilence

Levels and vault maps discovered:
D:1:      wander_arrival_lonely_grave, layout_loops_ring, minmay_hexomino_r4
D:2:      layout_rooms, serial_co_window_serial, co_window_paths_a,
          co_window_paths_a, co_window_corner_a, co_window_paths_a,
          co_window_paths_a, co_window_paths_a, co_window_broadway_b,
          co_window_broadway_c, co_window_of_opportunity_b, co_window_sun,
          co_window_4corner_a, glass_columns_a, glass_columns_a,
          glass_columns_c, uniq_crazy_yiuf_cottage
D:3:      layout_rooms, old_standard_altar, uniq_sigmund
D:4:      layout_cave_pods, lightli_sewer_entry_pipes, minivault_27,
          kennysheep_generic_room_8, uniq_eustachio
D:5:      layout_loops_corners, kiku_gazebo_garden_becter, first_ration,
          uniq_blork_the_orc, uniq_edmund
D:6:      layout_loops_cross, uniq_grinder
D:7:      layout_loops_ring, overflow_temple_1_default,
          grunt_temple_overflow_open, fedhas_ov_isle_minmay,
          minmay_temple_entry_glassed_door, the_bakery, uniq_harold, uniq_pikel
D:8:      layout_basic, gammafunk_ghost_wrathful_warriors,
          makhleb_heckhound_becter, uniq_grum
D:9:      layout_basic, dpeg_lair_monsters, serial_shops,
          nicolae_shop_window_shopping, shop, shop_fountains, kennysheep_mini,
          gammafunk_ghost_berserking_beasts, interstate_on_off,
          nemelex_lonely_heart_becter, uniq_erolcha
D:10:     layout_grid_maze, feat_on_display
D:11:     layout_loops_corners, orc_0_dummy, serial_shops, bzr_entry_gold
D:12:     layout_irregular_city
D:13:     layout_stronghold, ximxim_vaults_locker_room, basic_altar,
          gammafunk_ghost_arena, nooodl_orcs_dogs, uniq_frances, uniq_urug
D:14:     layout_roguey, grunt_gozag_statues
D:15:     hangedman_depths_entry_try_elsewhere_first, layout_rooms,
          minmay_misc_feat_nine_boxes, hangedman_corner_corridor
Temple:   eino_temple_rhombus
Lair:1:   layout_misc_corridors, beast_lair_carwin_7, uniq_joseph
Lair:2:   layout_regular_city, elwin_shoals_entry_rooms, dummy_spider_entry,
          gauntlet_entry_generic, grunt_megastairs_3, lemuel_fruit_tree
Lair:3:   layout_gridlike
Lair:4:   layout_regular_city, grunt_megastairs_4, uniq_nessos
Lair:5:   layout_long_grid, kennysheep_snail_temple
Lair:6:   evilmike_catoblepas_cave, layout_misc_corridors,
          minmay_slime_entry_pillars, serial_bayou_shore_a
Shoals:1: layout_shoals
Shoals:2: layout_shoals, lightli_airlock
Shoals:3: layout_shoals, uniq_donald, uniq_roxanne, uniq_kirke
Shoals:4: shoals_end_simple, layout_shoals, shoals_ilsuiw_alternative,
          gammafunk_ghost_tricky_traps, uniq_aizul
Spider:1: layout_spider_delve
Spider:2: layout_spider_delve, portal_ice_cave_entry_pillars_2, drop_trap,
          uniq_jorgrun
Spider:3: layout_spider_delve
Spider:4: grunt_spider_rune_island, ebering_ghost_xom
Orc:1:    layout_caves, basic_altar, nicolae_volcano_entry_vermiform,
          guppyfry_orc_lava_fort
Orc:2:    st_orc_pillars, layout_caves
Elf:1:    minmay_the_grid_3x3 [minmay_the_grid_minigrid_small,
          minmay_the_grid_spikes, minmay_the_grid_doors,
          minmay_the_grid_outer_circle, minmay_the_grid_empty,
          minmay_the_grid_armoury, minmay_the_grid_tri_star,
          minmay_the_grid_small_cups, minmay_the_grid_prize_inner_circle],
          layout_geoelf_octagon, minmay_elf_demonology
Elf:2:    layout_onion_city, serial_shops, statue_bzr
Vaults:1: vaults_room_pools, v_misc_9, grunt_vaults_twisty,
          nicolae_vaults_alarming, ontoclasm_vaults_ring_small, v_alt_pattern_2,
          v_alt_pattern_6, vaults_dpeg_encased_lava, v_misc_2,
          layout_vaults_omnigrid, serial_shops, nicolae_shop_overgrown_old_shop
Vaults:2: ebering_vaults_ghost_gozag, dpeg_vaults_monster_box,
          minmay_crypt_entry_nasty_monster, ontoclasm_vaults_hangar,
          ontoclasm_vaults_tryst, nicolae_vaults_windows_and_doors_thing,
          nicolae_vaults_little_squares_2, dpeg_vaults_pockets_of_resistance,
          v_misc_1, vaults_dpeg_hooks, ontoclasm_vaults_gateway,
          ontoclasm_vaults_twist, vaults_mumra_hex,
          nicolae_vaults_hallways_thing, grunt_vaults_focal,
          layout_vaults_omnibox
Vaults:3: nicolae_vaults_disjoint_gnomons, hangedman_vaults_trim, st_star,
          vaults_mumra_minichess_inversion, ontoclasm_vaults_pinch,
          nicolae_vaults_network_square, hangedman_vaults_corner_blocks,
          nicolae_vaults_asterisk, v_misc_8, vaults_room_door_hall,
          nicolae_vaults_three_branches, layout_vaults_ring, serial_shops,
          nicolae_shop_crystal, nicolae_shop_stone, nicolae_shop_waterfront
Vaults:4: nicolae_vaults_network_quinsquares
          [nicolae_vaults_network_quincunx_subvault,
          nicolae_vaults_network_quincunx_subvault,
          nicolae_vaults_network_quincunx_subvault,
          nicolae_vaults_network_quincunx_subvault], grunt_vaults_diagonal,
          ontoclasm_vaults_shuriken, v_misc_13, v_misc_8,
          hangedman_vaults_corner, vaults_mumra_minichess,
          nicolae_vaults_border_crossing, vaults_mumra_chevron,
          layout_vaults_maze_bifur, nicolae_trove_entry_columns

Skill      XL: |  1  2  3  4  5  6  7  8  9 10 11 12 13 14 15 16 17 18 19 20 21 22 23 |
---------------+----------------------------------------------------------------------+-----
Fighting       | 2 3 4 5 6 8 10 11 12 13 14 15 16 17 18 | 18.7
Dodging        | 1 5 6 7 9 10 11 13 14 15 | 15.5
Armour         | 5 6 7 9 10 11 13 14 15 | 15.5
Invocations    | 4 8 |  8.0
Shields        | 2 7 11 12 13 14 15 | 15.8
Axes           | 5 10 13 15 18 | 18.0
Throwing       | 7 10 12 | 12.2
Crossbows      | |  1.0
Stealth        | |  1.0
Spellcasting   | |  1.0
Summonings     | |  1.0
Translocations | |  3.0

Action                   |  1- 3 |  4- 6 |  7- 9 | 10-12 | 13-15 | 16-18 | 19-21 | 22-24 || total
-------------------------+-------+-------+-------+-------+-------+-------+-------+-------++-------
Melee: Dagger            |   142 |   162 |   482 |   514 |       |       |       |       ||  1300
       Flail             |       |       |     7 |    68 |       |       |       |       ||    75
       Punch             |       |       |       |     3 |       |       |       |       ||     3
       Rapier            |       |       |       |   321 |   743 |     7 |       |       ||  1071
       Great sword       |       |       |       |     4 |       |       |       |       ||     4
       Broad axe         |       |       |       |       |   468 |  1411 |  1614 |  1046 ||  4539
Throw: Stone             |    10 |       |       |       |       |       |       |       ||    10
       Dart              |     3 |       |    11 |    13 |     3 |       |       |       ||    30
       Javelin           |       |       |       |       |       |       |    10 |     4 ||    14
Invok: Heroism           |       |       |       |     9 |    11 |    29 |     7 |     9 ||    65
       Finesse           |       |       |       |     1 |       |       |       |       ||     1
Evoke: Wand              |       |       |       |     4 |     7 |     3 |       |       ||    14
  Use: Potion            |     1 |       |     1 |     5 |       |     4 |     2 |     3 ||    16
       Scroll            |       |       |    10 |    17 |     9 |    11 |     5 |    12 ||    64
 Stab: Sleeping          |     2 |       |       |     5 |     9 |     1 |       |     1 ||    18
       Distracted        |       |       |     1 |       |       |     1 |     1 |       ||     3
       Paralysed         |       |       |       |     2 |       |       |       |       ||     2
       Confused          |       |       |       |     2 |       |       |       |       ||     2
       Invisible         |       |       |       |     2 |       |       |       |       ||     2
  Eat: Chunk             |     2 |     8 |    12 |    19 |    24 |     9 |     4 |       ||    78
       Ration            |       |       |     2 |     5 |     4 |    13 |    12 |     8 ||    44
Armor: Robe              |    17 |       |       |       |       |       |       |       ||    17
       Scale mail        |    29 |    42 |       |       |       |       |       |       ||    71
       Chain mail        |       |    36 |   110 |       |       |   389 |    35 |       ||   570
       Ring mail         |       |       |   113 |   360 |   394 |    89 |       |       ||   956
       Plate armour      |       |       |       |       |       |    40 |   663 |    39 ||   742
       Skin              |       |       |       |       |       |     2 |       |       ||     2
       Pearl dragon scal |       |       |       |       |       |       |     8 |   235 ||   243
Dodge: Dodged            |   104 |    57 |   198 |   775 |   971 |   671 |   565 |   358 ||  3699
Block: Shield            |       |       |       |    27 |  1121 |  1170 |  1128 |   187 ||  3633
       Large shield      |       |       |       |       |       |       |       |   733 ||   733
       Rpst.: Great sword |       |       |       |     7 |       |       |       |       ||     7
